 Dungeon Crawl Stone Soup version 0.23.2-40-g277498a001 (webtiles) character file.

Game seed: 11047852232433842266

38 Destapler the Stinger (level 3, -1/28 HPs)
             Began as a Draconian Venom Mage on Aug 20, 2019.
             Slain by an adder (2 damage)
             ... on level 2 of the Dungeon.
             The game lasted 00:09:37 (1320 turns).

Destapler the Stinger (Draconian Venom Mage)        Turns: 1320, Time: 00:09:38

Health: -1/28      AC:  5    Str: 10    XL:     3   Next: 25%
Magic:  6/6        EV: 12    Int: 21    God:
Gold:   71         SH:  0    Dex: 11    Spells: 5/6 levels left

rFire    + . .     SeeInvis +   o - +2 glaive (chop)
rCold    + . .     Gourm    .   (shield currently unavailable)
rNeg     . . .     Faith    .   (armour unavailable)
rPois    +         Spirit   .   n - +0 hat
rElec    +         Reflect  .   (no cloak)
rCorr    +         Harm     .   (no gloves)
MR       .....                  (no boots)
Stlth    ++........             (no amulet)
HPRegen  0.09/turn              d - ring of see invisible
MPRegen  0.10/turn              (no ring)

@: brilliant, lethally poisoned (-1 -> -4), resistant
A: unfitting armour, cold-blooded, AC +5
a: no special abilities


You were on level 2 of the Dungeon.
You were not hungry.

You visited 1 branch of the dungeon, and saw 2 of its levels.
You visited the Abyss 1 time.

You collected 71 gold pieces.

Inventory:

Hand Weapons
 a - a +0 dagger
 c - a +0 short sword
 o - a +2 glaive of chopping (weapon)
Missiles
 e - 56 stones (quivered)
Armour
 k - a +0 shield
 n - a +0 hat (worn)
Jewellery
 d - a ring of see invisible (left hand)
 m - an uncursed ring of see invisible
Scrolls
 i - a scroll of fog {unknown}
 j - a scroll of identify {unknown}
Potions
 l - a potion of agility {unknown}
Comestibles
 b - 2 rations
 g - 6 chunks of flesh


   Skills:
 + Level 1.6 Fighting
 - Level 1.7 Dodging
 - Level 1.7 Stealth
 - Level 2.0 Spellcasting
 - Level 1.0 Conjurations
 * Level 4.0 Poison Magic


You had 5 spell levels left.
You knew the following spells:

 Your Spells              Type           Power        Failure   Level  Hunger
a - Sting                 Conj/Pois      ####         1%          1    #......

Your spell library contained the following spells:

 Spells                   Type           Power        Failure   Level  Hunger
 Poisonous Vapours        Pois/Air       ###...       1%          2    ##.....
 Mephitic Cloud           Conj/Pois/Air  ###.....     2%          3    ###....
 Olgreb's Toxic Radiance  Pois           ####....     3%          4    #####..
 Summon Lightning Spire   Summ/Air       ##......     16%         4    #####..
 Venom Bolt               Conj/Pois      ####......   16%         5    ######.
 Silence                  Hex/Air        ##........   36%         5    ######.
 Conjure Ball Lightning   Conj/Air       ###.......   80%         6    #######
 Deflect Missiles         Chrm/Air       ##........   85%         6    #######
 Tornado                  Air            ##........   100%        9    #######


Dungeon Overview and Level Annotations

Branches:
Dungeon (2/15)

Altars:


Innate Abilities, Weirdness & Mutations

Your plain brown scales are hard. (AC +5)
You cannot fit into any form of body armour.
You are cold-blooded and may be slowed by cold attacks.


Message History

* * * LOW HITPOINT WARNING * * *
The adder bites you.
* * * LOW HITPOINT WARNING * * *
You are lethally poisoned!
The adder poisons you!
You barely miss the adder.
* * * LOW HITPOINT WARNING * * *
You feel sick. The adder closely misses you.
The adder bites you but does no damage. The adder misses you.
You miss the adder.
* * * LOW HITPOINT WARNING * * *
You feel sick. The adder completely misses you. The adder closely misses you.
It was a potion of brilliance.
You feel clever all of a sudden. The adder barely misses you.
It was a potion of resistance.
You feel protected.
* * * LOW HITPOINT WARNING * * *
You feel sick. The adder bites you.
You die...

#.#
#.#######.######
.......).......#
#.#######.####.#
##...## #.....#
##...## ##.##
#@# #S# ##b##
#...# #.....#
#.......#
#..$......#
+.........+
#.........#


You could see an adder and a bat.

Vanquished Creatures
  A dart slug (D:1)
  A ball python (D:1)
  4 giant cockroaches
  8 goblins
  4 hobgoblins
  7 bats (D:1)
  6 frilled lizards
  A kobold (D:1)
  A rat (D:1)
33 creatures vanquished.

Notes
Turn   | Place    | Note
-------+----------+-------------------------------------------
     0 | D:1      | Destapler the Draconian Venom Mage began the quest for the
                  | Orb.
     0 | D:1      | Reached XP level 1. HP: 14/14 MP: 3/3
   120 | D:1      | Reached XP level 2. HP: 19/22 MP: 1/5
   192 | D:1      | Reached skill level 1 in Fighting
   826 | D:1      | Cast into level 1 of the Abyss (a distortion unwield)
   870 | Abyss:1  | Noticed a smoke demon
   881 | D:1      | Escaped the Abyss
   902 | D:1      | Reached XP level 3. HP: 28/28 MP: 6/6
  1249 | D:2      | Reached skill level 4 in Poison Magic
  1320 | D:2      | HP: 1/28 [poisoned by an adder]
  1320 | D:2      | Slain by an adder

Skill      XL: |  1  2  3 |
---------------+----------+-----
Fighting       | 1 |  1.6
Poison Magic   | 4 |  4.0
Dodging        | |  1.7
Stealth        | |  1.7
Spellcasting   | |  2.0
Conjurations   | |  1.0

Action                   || total
-------------------------++-------
Melee: Short sword       ||    50
       Dagger            ||    29
       Tailslap          ||     5
       Glaive            ||    14
Throw: Stone             ||     6
 Cast: Sting             ||    26
  Use: Potion            ||     2
 Stab: Sleeping          ||     1
  Eat: Chunk             ||     2
Armor: Skin              ||    43
Dodge: Dodged            ||    84
